 Dungeon Crawl Stone Soup version 0.25.0-11-g1f837a76a1 (webtiles) character file.

Game seed: 11440251819638123304

569 Esekla the Grave Robber (level 7, -9/45 HPs)
             Began as an Octopode Necromancer on June 27, 2020.
             Was an Initiate of Gozag.
             Mangled by an ogre
             ... wielding a +0 giant spiked club
              (15 damage)
             ... on level 4 of the Dungeon.
             The game lasted 00:34:18 (6030 turns).

Esekla the Grave Robber (Octopode Necromancer)      Turns: 6030, Time: 00:34:19

Health: -9/45      AC:  1    Str:  8    XL:     7   Next: 33%
Magic:  9/12       EV: 14    Int: 19    God:    Gozag
Gold:   588        SH:  0    Dex: 12    Spells: 9/13 levels left

rFire    . . .     SeeInvis .   a - +1 falchion (drain)
rCold    . . .     Gourm    .   (no shield)
rNeg     . . .     Faith    .   (helmet restricted)
rPois    .         Spirit   .   (no amulet)
rElec    .         Reflect  .   (no ring)
rCorr    .         Harm     .   (no ring)
MR       .....                  (no ring)
Stlth    +++.......             (no ring)
HPRegen  0.15/turn              (no ring)
MPRegen  0.13/turn              (no ring)
                                (no ring)
                                (no ring)

@: very slightly contaminated
A: almost no armour, stealthy swim, amphibious, 8 rings, constrict 8, camouflage
1, gelatinous body 1
a: Potion Petition, Call Merchant, Bribe Branch, Renounce Religion


You were on level 4 of the Dungeon.
You worshipped Gozag.
Gozag was pleased with you.
You were not hungry.

You visited 2 branches of the dungeon, and saw 6 of its levels.

You collected 643 gold pieces.
You paid 55 gold pieces to Gozag.

Inventory:

Hand Weapons
 a - a +1 falchion of draining (weapon)
 o - a +0 spear
 s - a +0 short sword
Missiles
 l - 6 javelins
 t - 13 poisoned darts (quivered)
Scrolls
 c - 4 scrolls of magic mapping {unknown}
 e - 3 scrolls of remove curse {unknown}
 g - a scroll of blinking {unknown}
 j - a scroll of fog {unknown}
 k - a scroll of enchant armour {unknown}
 n - 4 scrolls of identify {unknown}
 p - a scroll of enchant weapon {unknown}
 q - a scroll of noise {unknown}
 r - a scroll of immolation {unknown}
Potions
 d - 2 potions of haste {unknown}
 f - a potion of stabbing {unknown}
 h - 2 potions of lignification {unknown}
 i - a potion of ambrosia {unknown}
 m - 2 potions of brilliance {unknown}
 u - a potion of curing {unknown}
Comestibles
 b - 3 rations


   Skills:
 + Level 2.5 Fighting
 + Level 2.8(3.5) Short Blades
 * Level 3.0(3.6) Long Blades
 + Level 0.5 Throwing
 * Level 3.5 Dodging
 - Level 2.6 Stealth
 * Level 3.6 Spellcasting
 + Level 4.6 Necromancy


You had 9 spell levels left.
You knew the following spells:

 Your Spells              Type           Power        Failure   Level  Hunger
a - Pain                  Necr           ###.         1%          1    None
d - Vampiric Draining     Necr           ###.......   6%          3    ###....

Your spell library contained the following spells:

 Spells                   Type           Power        Failure   Level  Hunger
 Animate Skeleton         Necr           N/A          1%          1    None
 Animate Dead             Necr           N/A          21%         4    ####...
 Agony                    Necr           ###.....     50%         5    ######.


Dungeon Overview and Level Annotations

Branches:
Dungeon (5/15)             Temple (1/1) D:4

Altars:
Elyvilon
Gozag
Makhleb
Sif Muna
Vehumet
Xom

Annotations:
D:3 Grinder
D:5 Dowan, Duvessa


Innate Abilities, Weirdness & Mutations

You cannot wear most types of armour.
You are very stealthy in the water. (Stealth+)
You are amphibious.
You can wear up to eight rings at the same time.
You can use your tentacles to constrict eight enemies at once.
Your skin changes colour to match your surroundings (Stealth+).
Your rubbery body absorbs attacks. (AC +1, EV +1)


Message History

The hound bites you.
The ogre hits you with a +0 giant spiked club!!
* * * LOW HITPOINT WARNING * * *
The hound barely misses you.
You riposte.
You hit the hound. You grab the hound.
The hound is severely wounded.
Casting: Vampiric Draining (dangerous; 6% risk of failure)
Confirm with . or Enter, or press ? or * to list all spells.
Aiming: Vampiric Draining (dangerous; 6% risk of failure)
Press: ? - help, Shift-Dir - straight line, f - hound
Aim: a hound (severely wounded, constricted by you)
You miscast Vampiric Draining.
You are very lightly contaminated with residual magic.
Nothing appears to happen.
You constrict the hound, but do no damage.
The hound bites you.
* * * LOW HITPOINT WARNING * * *
The ogre hits you with a +0 giant spiked club!
You die...
Your body crumbles into a pile of gold.

#..#......########
.....#...........# ##
#..#......######.# #.
#.........## #.# #. ..####.....#
#.# #. ### ##...## #.# ####### #.
##.## #.# #.....# #. ###### #.#
#h# #.###.# #. .....# #.# #@# #.#
#.# #. ####.###+## ##O###.###.#
####. #.##...## #.#.....##.#
#.... ## #.#.....## ##.###..##.#
##.### .# #........##
###.#..##.###).>#.
.###.........####........##.###..
.....>.......'.............## ##.
.............####...#.#.##.# #.
.####.......## ##..#.#.##.## ##.


You could see an ogre and a hound.

Vanquished Creatures
  Edmund (D:4)
  A hound (D:4)
  An orc priest (D:4)
  A centaur skeleton (D:3)
  2 orc wizards (D:4)
  3 worker ants (D:4)
  A hound skeleton (D:3)
  8 gnolls
  2 adders
  An ooze (D:2)
  2 adder skeletons (D:4)
  5 worms
  2 dart slugs
  6 leopard geckos
  7 orcs
  7 giant cockroaches
  6 hobgoblins
  9 jackals
  7 kobolds
  5 quokkas
  A ball python (D:4)
  9 bats
  5 frilled lizards
  6 goblins
  A quokka skeleton (D:4)
  2 rats
101 creatures vanquished.

Notes
Turn   | Place    | Note
-------+----------+-------------------------------------------
     0 | D:1      | Esekla the Octopode Necromancer began the quest for the
                  | Orb.
     0 | D:1      | Reached XP level 1. HP: 11/11 MP: 3/3
   133 | D:1      | Reached skill level 1 in Fighting
   133 | D:1      | Reached XP level 2. HP: 10/18 MP: 5/5
   864 | D:1      | Reached XP level 3. HP: 16/23 MP: 4/6
   881 | D:1      | Learned a level 3 spell: Vampiric Draining
  1516 | D:2      | Reached skill level 1 in Short Blades
  1840 | D:2      | You fall into a shaft and drop 2 floors!
  2092 | D:4      | Reached XP level 4. HP: 20/29 MP: 3/7
  2298 | D:4      | Noticed Edmund
  2307 | D:4      | Found a staircase to the Ecumenical Temple.
  2398 | Temple   | Entered the Ecumenical Temple
  2563 | Temple   | Became a worshipper of Gozag Ym Sagoz the Greedy
  2710 | D:3      | Noticed Grinder
  2725 | D:2      | Reached XP level 5. HP: 32/34 MP: 5/9
  3642 | D:3      | Reached XP level 6. HP: 34/39 MP: 8/10
  4387 | D:4      | Killed Edmund
  4387 | D:4      | Reached skill level 1 in Long Blades
  5130 | D:4      | Reached XP level 7. HP: 33/45 MP: 12/12
  5871 | D:5      | Entered Level 5 of the Dungeon
  5872 | D:5      | Noticed Dowan
  5873 | D:5      | Noticed Duvessa
  6030 | D:4      | Mangled by an ogre

Illustrated notes

Levels and vault maps discovered:
D:1:      roderic_crossed_star, layout_loops_corners, roderic_roman_lattice,
          hangedman_decor_slide_cut, st_stairs_10
D:2:      layout_basic
D:3:      layout_loops_cross, uniq_grinder
D:4:      layout_loops_corners, minmay_temple_entry_proselytizer, uniq_edmund
D:5:      layout_rooms, fedhas_ov_isle_minmay, first_ration,
          uniq_crazy_yiuf_cottage, uniq_duvessa
Temple:   nicolae_temple_figure_eight

Skill      XL: |  1  2  3  4  5  6  7 |
---------------+----------------------+-----
Fighting       | 1 2 |  2.5
Short Blades   | 1 2 |  2.8
Spellcasting   | 3 |  3.6
Dodging        | 3 |  3.5
Long Blades    | 1 3 |  3.0
Throwing       | |  0.5
Stealth        | |  2.6
Necromancy     | |  4.6

Action                   |  1- 3 |  4- 6 |  7- 9 || total
-------------------------+-------+-------+-------++-------
Melee: Short sword       |    63 |    61 |       ||   124
       Constrict         |    14 |    34 |    11 ||    59
       Tentacles         |    12 |    20 |     6 ||    38
       Falchion          |       |    68 |    26 ||    94
Throw: Javelin           |     3 |     3 |       ||     6
       Dart              |       |     2 |       ||     2
 Cast: Pain              |     1 |       |       ||     1
       Vampiric Draining |     2 |    12 |       ||    14
 Stab: Sleeping          |    16 |    12 |       ||    28
       Distracted        |       |     2 |       ||     2
  Eat: Chunk             |     3 |     2 |       ||     5
       Ration            |       |     3 |     1 ||     4
Armor: Skin              |     2 |    11 |     5 ||    18
Dodge: Dodged            |    36 |    80 |    19 ||   135
       Rpst.: Falchion   |       |    20 |     9 ||    29
